AoeStats
← ogipochi_

Socotra

505568895Analyzed
3v3 RM · 23d ago on Sep 10, 2026· 14m 37s· 6 players
Game mode
Random Map
Map size
128×128
Population
200
Speed
Normal
Resources
Standard
Victory
Conquest
Starting age
Dark Age
Ending age
Imperial Age
RankedLock teamsTeams togetherTeam positionsShared explorationLock speedFull tech treeHidden civsTurbo modeCheats
Victory
Defeat
🇺🇸 Sicilians · United States
779
+16
🇺🇸 Byzantines · United States
754
+17
🇺🇸 Slavs · United States
754
+17
🇯🇵 Persians · Japan
824
-19
🇦🇷 Mongols · Argentina
817
-18
🇹🇼 Magyars · Taiwan
694
-13
chicken hatter
8:06 Loom
10:22 Feudal Age
10:49 Horse Collar
10:57 Double-Bit Axe
Tonto
5:07 Loom
10:40 Feudal Age
12:01 Double-Bit Axe
12:06 Horse Collar
15:24 Wheelbarrow
Ahab Schrader
0:33 Loom
0:46 Loom
11:43 Feudal Age
12:11 Double-Bit Axe
12:09 Horse Collar
13:31 Man-at-Arms
ogipochi_
11:42 Feudal Age
11:01 Loom
12:04 Double-Bit Axe
12:03 Horse Collar
13:21 Wheelbarrow
12:31 Town Watch
動腦玩遊戲
3:04 Loom
14:10 Feudal Age
Stark210321
5:09 Loom
7:45 Feudal Age
8:21 Double-Bit Axe
Connection lost

Rejoining the realm…

Still unreachable

The connection could not be restored.

Session expired

The server has moved on; the page needs a fresh start.